 Seeded DCSS version 0.31-a0-1570-g93c622d222 (webtiles) character file.

Game seed: 4509902032046707754 (custom seed)

23 innerfire43 the Slasher (level 2, -2/19 HPs)
             Began as a Demonspawn Wanderer on Jan 3, 2024.
             Slain by a goblin
             ... wielding a +0 club
             ... led by Robin
              (5 damage)
             ... on level 2 of the Dungeon.
             The game lasted 00:02:19 (1043 turns).

innerfire43 the Slasher (Demonspawn Wanderer)       Turns: 1043, Time: 00:02:20

Health: -2/19      AC:  2    Str: 10    XL:     2   Next: 75%
Magic:  3/3        EV: 10    Int: 12    God:
Gold:   67         SH:  4    Dex: 14    Spells: 3/3 levels left

rFire   . . .        g - staff of alchemy
rCold   . . .        b - +0 buckler
rNeg    . . .        d - +0 robe
rPois   +            (no helmet)
rElec   .            (no cloak)
rCorr   .            (no gloves)
SInv    .            (no boots)
Will    .....        (no amulet)
Stlth   ++           (no ring)
HPRegen 0.23/turn    (no ring)
MPRegen 0.08/turn

%: no passive effects
@: no status effects
A: sturdy frame 1
a: no special abilities


You were on level 2 of the Dungeon.
You visited 1 branch of the dungeon, and saw 2 of its levels.

You collected 67 gold pieces.

Inventory:

Hand Weapons
 a - a +0 long sword
Armour
 b - a +0 buckler (worn)
 d - a +0 robe (worn)
Magical Staves
 g - a staff of alchemy (weapon)
Scrolls
 c - a scroll of fog
 e - a scroll of identify {unknown}
 f - 2 scrolls of enchant weapon {unknown}
 i - a scroll of immolation {unknown}


   Skills:
 - Level 4.6 Long Blades
 * Level 0.7 Staves
 - Level 1.0 Armour
 - Level 0.4 Dodging
 - Level 1.0 Stealth
 + Level 1.5 Shields
 - Level 1.0 Spellcasting
 * Level 1.1 Alchemy
 * Level 0.5 Evocations


You had 3 spell levels left.
You didn't know any spells.
Your spell library contained the following spells:

 Spells                   Type           Power      Damage    Failure   Level
 Foxfire                  Conj/Fire      0%         2x1d4     41%         1
 Mercury Vapours          Alch/Air       6%         N/A       45%         2
 Cigotuvi's Dreadful Rot  Necr/Alch/Air  4%         N/A       50%         2
 Plasma Beam              Fire/Air       0%         2x1d10    100%        6
 Starburst                Conj/Fire      0%         6d3       100%        6


Dungeon Overview and Level Annotations

Branches:
Dungeon (2/15)

Altars:

Annotations:
D:2 Robin


Innate Abilities, Weirdness & Mutations

Your movements are slightly less encumbered by armour. (ER -2)


Message History

You hear a shout! x2; The goblin shouts!
You hear a shout!
The hobgoblin shouts!
There are monsters nearby!
The goblin attacks as it pursues you! The goblin hits you but does no damage.
A goblin comes into view. It is wielding a +0 dagger.
You hit the goblin.
The goblin is severely wounded.
The goblin hits you with a +0 club.
You hit the goblin but do no damage.
The goblin is severely wounded.
A goblin comes into view. It is wielding a +0 dagger.
Robin throws the goblin at you! The goblin misses you.
The goblin hits you with a +0 dagger.
A hobgoblin comes into view.
The goblin hits you with a +0 club.
You hit the goblin.
You kill the goblin!
The goblin hits you but does no damage.
You barely miss the goblin. The goblin barely misses you.
The goblin hits you with a +0 club.
Unknown command.
You barely miss the goblin.
A goblin comes into view. It is wielding a +0 dagger.
The goblin hits you but does no damage. You block the goblin's attack.
Robin roars a battlecry!
The goblins go into a battle-frenzy!
The goblin shouts!
Unknown command.
You hit the goblin.
The goblin is severely wounded.
The goblin hits you but does no damage. The goblin hits you with a +0 dagger.
It was a potion of brilliance.
You feel clever all of a sudden. The goblin closely misses you.
The goblin hits you with a +0 dagger.
* * * LOW HITPOINT WARNING * * *
It was a potion of cancellation.
Your magical effects are unravelling.
You feel magically purged.
You feel a little less clever now. The goblin hits you with a +0 club.
You die...

# ############# .#
#...........# ..#
#...........########gg.#
#...........'..g@gggggg#
#...........########g..#
##########<## ..# ### .#
#


You could see Robin, a hobgoblin (strong) and 8 goblins.

Vanquished Creatures
  2 dart slugs (D:1)
  A ball python (D:1)
  2 bats (D:1)
  2 endoplasms
  A giant cockroach (D:1)
  3 goblins
  A hobgoblin (D:1)
  2 quokkas (D:1)
  A frilled lizard (D:1)
  A kobold (D:1)
  2 rats
18 creatures vanquished.

Notes
Turn   | Place    | Note
-------+----------+-------------------------------------------
     0 | D:1      | innerfire43 the Demonspawn Wanderer began the quest for the
                  | Orb.
     0 | D:1      | innerfire43 set off with the following items: a +0 long
                  | sword, a +0 buckler, a scroll of fog, a +0 robe; and the
                  | following spells available to memorise: Mercury Vapours,
                  | Cigotuvi's Dreadful Rot.
     0 | D:1      | Reached XP level 1. HP: 13/13 MP: 2/2
   160 | D:1      | Gained mutation: Your movements are slightly less
                  | encumbered by armour. (ER -2) [demonic ancestry]
   160 | D:1      | Reached XP level 2. HP: 16/19 MP: 3/3
   279 | D:1      | Found a faded altar of an unknown god.
  1033 | D:2      | Noticed Robin
  1043 | D:2      | Slain by a goblin

Illustrated notes

Levels and vault maps discovered:
D:1:      minmay_arrival_five_plusses, layout_basic,
          shapermc_ecumenical_altar_venn
D:2:      layout_basic, uniq_natasha, uniq_robin

Action                     || total
---------------------------++-------
  Melee: Long sword        ||    22
         Staff             ||    69
    Use: Potion            ||     2
   Stab: Sleeping          ||     3
 Armour: Robe              ||    73
  Dodge: Dodged            ||    67
  Block: Buckler           ||    29

Table legend: (Time is in decaauts)
 A = Elapsed time spent in this place.
 B = Non-inter-level travel time spent in this place.
 C = Inter-level travel time spent in this place.
 D = Time resting spent in this place.
 E = Time spent auto-exploring this place.
 F = Levels seen in this place.
 G = Mean time per level.
                   A        B        C        D        E       F      G
               +--------+--------+--------+--------+--------+-----+--------+
         Total |   1065 |   1065 |      0 |      0 |    768 |   2 |  532.5 |
       Dungeon |   1065 |   1065 |      0 |      0 |    768 |   2 |  532.5 |
               +--------+--------+--------+--------+--------+-----+--------+

Top non-repeatable levels by time:
     D:1: 962 daAuts
     D:2: 102 daAuts
